TOP OF THE 1ST |
Salem Red Sox batting - Pitching for Winston-Salem Dash : RHP Alfredo Silva
|
Pitching: RHP Alfredo Silva
|
|
Batting: RHB Oscar Avalos
|
0-0: Ball 1-0: Foul Ball, location: 2F 1-1: Ground out 5-3 (Groundball, 56S, EV 79.4 MPH)
|
Batting: SHB Bobby Flores
|
0-0: Ball 1-0: Swinging Strike 1-1: Foul Ball, location: 2F 1-2: Strikes out swinging
|
Batting: RHB Nate Miller
|
0-0: Called Strike 0-1: SINGLE (Line Drive, 89S, EV 88.8 MPH)
|
Batting: LHB Orlando Reyna
|
0-0: Ball 1-0: Ground out 6-3 (Groundball, 4MD, EV 99.4 MPH)
|
Top of the 1st over - 0 runs, 1 hit, 0 errors, 1 left on base; Salem 0 - Winston-Salem 0 |
BOTTOM OF THE 1ST |
Winston-Salem Dash batting - Pitching for Salem Red Sox : LHP Omar Montoya
|
Pitching: LHP Omar Montoya
|
|
Batting: LHB Guillermo Antelo
|
0-0: Foul Ball, location: 2F 0-1: Ball 1-1: Ball 2-1: Foul Ball, location: 2F 2-2: Foul Ball, location: 2F 2-2: Fly out, F9 (Flyball, 9S, EV 98.8 MPH)
|
Batting: LHB Alex Flores
|
0-0: Called Strike 0-1: Ground out 5-3 (Groundball, 5, EV 91.3 MPH)
|
Batting: RHB Francisco Quinto
|
0-0: Foul Ball, location: 25F 0-1: Foul Ball, location: 2LF 0-2: SINGLE (Flyball, 9LS, EV 93.8 MPH)
|
Batting: RHB Rich Sulla
|
0-0: Called Strike 0-1: Ball 1-1: Ball 2-1: Ball 3-1: Fly out, F7 (Flyball, 78S, EV 74.4 MPH)
|
Bottom of the 1st over - 0 runs, 1 hit, 0 errors, 1 left on base; Salem 0 - Winston-Salem 0 |
TOP OF THE 2ND |
Salem Red Sox batting - Pitching for Winston-Salem Dash : RHP Alfredo Silva
|
Batting: SHB David Ricardo
|
0-0: Ball 1-0: Ball 2-0: Ball 3-0: Base on Balls
|
Batting: LHB Josh Mutka
|
0-0: Ball 1-0: Ball David Ricardo is caught stealing 2nd base 2-6 2-0: Ball 3-0: Foul Ball, location: 2F 3-1: Swinging Strike 3-2: Strikes out swinging
|
Batting: RHB Sal Cruz
|
0-0: Ball 1-0: Called Strike 1-1: SINGLE (Line Drive, 89S, EV 96.9 MPH)
|
Batting: RHB Brett Moseley
|
0-0: Ball 1-0: Ball 2-0: Called Strike 2-1: Ball 3-1: SINGLE (Groundball, 34D, EV 97.5 MPH) Sal Cruz to second
|
Batting: RHB Luis Munoz
|
0-0: Foul Ball, location: 2F 0-1: Called Strike 0-2: Ball 1-2: Foul Ball, location: 5FF 1-2: Ball 2-2: Strikes out swinging
|
Top of the 2nd over - 0 runs, 2 hits, 0 errors, 2 left on base; Salem 0 - Winston-Salem 0 |
BOTTOM OF THE 2ND |
Winston-Salem Dash batting - Pitching for Salem Red Sox : LHP Omar Montoya
|
Batting: LHB Ernesto Morin
|
0-0: Ground out 4-3 (Groundball, 34D, EV 101.9 MPH)
|
Batting: RHB Lanzo Torriti
|
0-0: Ground out 1-3 (Groundball, 34S, EV 75.0 MPH)
|
Batting: LHB Angel Morales
|
0-0: Ball 1-0: Ball 2-0: Called Strike 2-1: DOUBLE (Line Drive, 9LD, EV 101.9 MPH)
|
Batting: RHB Miguel Becerra
|
0-0: Ball 1-0: Ball 2-0: DOUBLE (Line Drive, 78D, EV 110.0 MPH) Angel Morales scores
|
Batting: RHB Ed Morales
|
0-0: Foul Ball, location: 2F 0-1: Called Strike 0-2: Ball 1-2: Ball 2-2: Ball 3-2: Fly out, F8 (Line Drive, 8RM, EV 91.9 MPH)
|
Bottom of the 2nd over - 1 run, 2 hits, 0 errors, 1 left on base; Salem 0 - Winston-Salem 1 |
TOP OF THE 3RD |
Salem Red Sox batting - Pitching for Winston-Salem Dash : RHP Alfredo Silva
|
Batting: RHB Oscar Avalos
|
0-0: Ball 1-0: Ground out U3 (Groundball, 13, EV 89.4 MPH)
|
Batting: SHB Bobby Flores
|
0-0: Ball 1-0: Foul Ball, location: 2F 1-1: Swinging Strike 1-2: Ball 2-2: Foul Ball, location: 7LMF 2-2: Strikes out looking
|
Batting: RHB Nate Miller
|
0-0: Fly out, F8 (Flyball, 8LD, EV 92.5 MPH)
|
Top of the 3rd over - 0 runs, 0 hits, 0 errors, 0 left on base; Salem 0 - Winston-Salem 1 |
BOTTOM OF THE 3RD |
Winston-Salem Dash batting - Pitching for Salem Red Sox : LHP Omar Montoya
|
Batting: LHB Guillermo Antelo
|
0-0: Ball 1-0: Ball 2-0: Ball 3-0: Called Strike 3-1: Reached on error, E4 (Groundball, 4, EV 75.6 MPH)
|
Batting: LHB Alex Flores
|
0-0: Foul Ball, location: 2F 0-1: Swinging Strike 0-2: Ball 1-2: Fielders Choice at 2nd, 4-6 (Groundball, 4, EV 90.6 MPH)
|
Batting: RHB Francisco Quinto
|
0-0: Ball 1-0: Foul Ball, location: 23F 1-1: Fielders Choice at 2nd, 4-6 (Groundball, 4, EV 85.0 MPH)
|
Batting: RHB Rich Sulla
|
0-0: Ball 1-0: Swinging Strike 1-1: Swinging Strike 1-2: Ball 2-2: Foul Ball, location: 2F 2-2: Fielders Choice at 2nd, 6-4 (Groundball, 6, EV 90.0 MPH)
|
Bottom of the 3rd over - 0 runs, 0 hits, 1 error, 1 left on base; Salem 0 - Winston-Salem 1 |
TOP OF THE 4TH |
Salem Red Sox batting - Pitching for Winston-Salem Dash : RHP Alfredo Silva
|
Batting: LHB Orlando Reyna
|
0-0: Ball 1-0: Ground out U3 (Groundball, 34D, EV 103.1 MPH)
|
Batting: SHB David Ricardo
|
0-0: SINGLE (Groundball, 3D, EV 94.4 MPH)
|
Batting: LHB Josh Mutka
|
0-0: Swinging Strike 0-1: SINGLE (Groundball, 34D, EV 94.4 MPH) David Ricardo to second
|
Batting: RHB Sal Cruz
|
0-0: Ball 1-0: Called Strike 1-1: Fly out, F8 (Line Drive, 8LM, EV 89.4 MPH)
|
Batting: RHB Brett Moseley
|
0-0: Ball 1-0: Foul Ball, location: 2F 1-1: Swinging Strike 1-2: Foul Ball, location: 2F 1-2: Strikes out swinging
|
Top of the 4th over - 0 runs, 2 hits, 0 errors, 2 left on base; Salem 0 - Winston-Salem 1 |
BOTTOM OF THE 4TH |
Winston-Salem Dash batting - Pitching for Salem Red Sox : LHP Omar Montoya
|
Batting: LHB Ernesto Morin
|
0-0: Called Strike 0-1: TRIPLE (Flyball, 9D, EV 102.5 MPH)
|
Batting: RHB Lanzo Torriti
|
0-0: Ball 1-0: Called Strike 1-1: Swinging Strike 1-2: Foul Ball, location: 9LSF 1-2: Ball 2-2: Ball 3-2: Strikes out looking
|
Batting: LHB Angel Morales
|
0-0: Ball 1-0: Swinging Strike 1-1: Foul Ball, location: 2F 1-2: Strikes out looking
|
Batting: RHB Miguel Becerra
|
0-0: Ball 1-0: Foul Ball, location: 3F 1-1: Ball 2-1: Foul Ball, location: 5DF 2-2: Foul Ball, location: 9LMF 2-2: Ball 3-2: Base on Balls
|
Batting: RHB Ed Morales
|
0-0: Foul Ball, location: 9LSF 0-1: Swinging Strike 0-2: Ball 1-2: Ball 2-2: Strikes out looking
|
Bottom of the 4th over - 0 runs, 1 hit, 0 errors, 2 left on base; Salem 0 - Winston-Salem 1 |
TOP OF THE 5TH |
Salem Red Sox batting - Pitching for Winston-Salem Dash : RHP Alfredo Silva
|
Batting: RHB Luis Munoz
|
0-0: Ball 1-0: Ground out U3 (Groundball, 3L, EV 81.3 MPH)
|
Batting: RHB Oscar Avalos
|
0-0: Swinging Strike 0-1: Foul Ball, location: 9LMF 0-2: Ball 1-2: Strikes out looking
|
Batting: SHB Bobby Flores
|
0-0: Called Strike 0-1: Fly out, F7 (Flyball, 7LD, EV 100.0 MPH)
|
Top of the 5th over - 0 runs, 0 hits, 0 errors, 0 left on base; Salem 0 - Winston-Salem 1 |
BOTTOM OF THE 5TH |
Winston-Salem Dash batting - Pitching for Salem Red Sox : LHP Omar Montoya
|
Batting: LHB Guillermo Antelo
|
0-0: Ball 1-0: Called Strike 1-1: Foul Ball, location: 5DF 1-2: Ground out U3 (Groundball, 3, EV 92.5 MPH)
|
Batting: LHB Alex Flores
|
0-0: Ball 1-0: Ground out U3 (Groundball, 34, EV 89.4 MPH)
|
Batting: RHB Francisco Quinto
|
0-0: Ball 1-0: Foul Ball, location: 2F 1-1: Ground out 5-3 (Groundball, 56S, EV 80.0 MPH)
|
Bottom of the 5th over - 0 runs, 0 hits, 0 errors, 0 left on base; Salem 0 - Winston-Salem 1 |
TOP OF THE 6TH |
Salem Red Sox batting - Pitching for Winston-Salem Dash : RHP Alfredo Silva
|
Batting: RHB Nate Miller
|
0-0: Ball 1-0: Ball 2-0: Ball 3-0: Foul Ball, location: 2F 3-1: SINGLE (Groundball, 13S, EV 68.1 MPH) (infield hit)
|
Batting: LHB Orlando Reyna
|
0-0: Ball 1-0: Foul Ball, location: 7LSF 1-1: Ball 2-1: Fly out, F8 (Flyball, 8LD, EV 81.3 MPH)
|
Batting: SHB David Ricardo
|
0-0: Ball 1-0: Called Strike 1-1: Ball 2-1: Ball 3-1: Base on Balls Nate Miller to second
|
Batting: LHB Josh Mutka
|
0-0: Called Strike 0-1: Foul Ball, location: 2F 0-2: Strikes out swinging
|
Batting: RHB Sal Cruz
|
0-0: Called Strike 0-1: Ground out U3 (Groundball, 34, EV 103.8 MPH)
|
Top of the 6th over - 0 runs, 1 hit, 0 errors, 2 left on base; Salem 0 - Winston-Salem 1 |
BOTTOM OF THE 6TH |
Winston-Salem Dash batting - Pitching for Salem Red Sox : LHP Omar Montoya
|
Batting: RHB Rich Sulla
|
0-0: Fly out, F6 (Line Drive, 6, EV 70.0 MPH)
|
Batting: LHB Ernesto Morin
|
0-0: Called Strike 0-1: Ball 1-1: Ball 2-1: Swinging Strike 2-2: Foul Ball, location: 2F 2-2: Foul Ball, location: 7LSF 2-2: Ball 3-2: Fly out, F7 (Flyball, 7, EV 88.1 MPH)
|
Batting: RHB Lanzo Torriti
|
0-0: Ball 1-0: Called Strike 1-1: Ball 2-1: Swinging Strike 2-2: Foul Ball, location: 2F 2-2: Ball 3-2: Fly out, F9 (Flyball, 89M, EV 97.5 MPH)
|
Bottom of the 6th over - 0 runs, 0 hits, 0 errors, 0 left on base; Salem 0 - Winston-Salem 1 |
TOP OF THE 7TH |
Salem Red Sox batting - Pitching for Winston-Salem Dash : RHP Alfredo Silva
|
Batting: RHB Brett Moseley
|
0-0: SOLO HOME RUN (Flyball, 89XD, EV 104.4 MPH), Distance : 421 ft
|
Batting: RHB Luis Munoz
|
0-0: Ball 1-0: Foul Ball, location: 2F 1-1: Swinging Strike 1-2: Ball 2-2: Ball 3-2: Base on Balls
|
Pitching: LHP Omar Acosta
|
|
Batting: RHB Oscar Avalos
|
0-0: Called Strike 0-1: Called Strike 0-2: Grounds into double play, 6-4-3 (Groundball, 6, EV 78.8 MPH)
|
Batting: SHB Bobby Flores
|
0-0: Foul Ball, location: 2F 0-1: Ball 1-1: SINGLE (Line Drive, 89S, EV 90.6 MPH)
|
Batting: RHB Nate Miller
|
0-0: Called Strike Bobby Flores is caught stealing 2nd base 2-4
|
Top of the 7th over - 1 run, 2 hits, 0 errors, 0 left on base; Salem 1 - Winston-Salem 1 |
BOTTOM OF THE 7TH |
Winston-Salem Dash batting - Pitching for Salem Red Sox : LHP Omar Montoya
|
Batting: LHB Angel Morales
|
0-0: Swinging Strike 0-1: Ball 1-1: Ball 2-1: Swinging Strike 2-2: Strikes out swinging
|
Batting: RHB Miguel Becerra
|
0-0: Ball 1-0: Called Strike 1-1: Called Strike 1-2: Fly out, F6 (Line Drive, 6, EV 73.8 MPH)
|
Batting: RHB Ed Morales
|
0-0: Called Strike 0-1: Fly out, F7 (Line Drive, 7, EV 94.4 MPH)
|
Bottom of the 7th over - 0 runs, 0 hits, 0 errors, 0 left on base; Salem 1 - Winston-Salem 1 |
TOP OF THE 8TH |
Salem Red Sox batting - Pitching for Winston-Salem Dash : LHP Omar Acosta
|
Pitching: RHP Dave Perez
|
|
Batting: RHB Nate Miller
|
0-0: Ball 1-0: Foul Ball, location: 23F 1-1: Foul Ball, location: 9LMF 1-2: Foul Ball, location: 3F 1-2: Foul Ball, location: 2F 1-2: Ball 2-2: Ball 3-2: Fly out, F7 (Flyball, 78M, EV 98.8 MPH)
|
Batting: LHB Orlando Reyna
|
0-0: Called Strike 0-1: Ground out 6-3 (Groundball, 6, EV 107.5 MPH)
|
Batting: SHB David Ricardo
|
0-0: Ball 1-0: Swinging Strike 1-1: Foul Ball, location: 2F 1-2: Ball 2-2: Strikes out swinging
|
Top of the 8th over - 0 runs, 0 hits, 0 errors, 0 left on base; Salem 1 - Winston-Salem 1 |
BOTTOM OF THE 8TH |
Winston-Salem Dash batting - Pitching for Salem Red Sox : LHP Omar Montoya
|
Pitching: RHP Eric Bobinski
|
|
Batting: LHB Guillermo Antelo
|
0-0: Ball 1-0: Ground out 6-3 (Groundball, 6M, EV 87.5 MPH)
|
Batting: LHB Alex Flores
|
0-0: Fly out, F7 (Line Drive, 7S, EV 106.9 MPH)
|
Batting: RHB Francisco Quinto
|
0-0: Fly out, F9 (Flyball, 9, EV 98.1 MPH)
|
Bottom of the 8th over - 0 runs, 0 hits, 0 errors, 0 left on base; Salem 1 - Winston-Salem 1 |
TOP OF THE 9TH |
Salem Red Sox batting - Pitching for Winston-Salem Dash : RHP Dave Perez
|
Batting: LHB Josh Mutka
|
0-0: Foul Ball, location: 25F 0-1: Ball 1-1: Called Strike 1-2: Strikes out swinging
|
Batting: RHB Sal Cruz
|
0-0: Called Strike 0-1: Ball 1-1: Ball 2-1: SINGLE (Groundball, 4MD, EV 103.1 MPH)
|
Pinch Hitting: LHB Brent Phelps
|
0-0: Called Strike 0-1: Foul Ball, location: 3F 0-2: SINGLE (Line Drive, 9LS, EV 94.4 MPH) Sal Cruz to second
|
Pinch Hitting: LHB Raimondo Lucetti
|
0-0: Called Strike 0-1: Called Strike 0-2: Ball 1-2: Strikes out swinging
|
Batting: RHB Oscar Avalos
|
0-0: Ball 1-0: Foul Ball, location: 2F 1-1: Ball 2-1: Swinging Strike 2-2: Foul Ball, location: 3F 2-2: Ball 3-2: Foul Ball, location: 9LSF 3-2: Base on Balls Sal Cruz to third Brent Phelps to second
|
Batting: SHB Bobby Flores
|
0-0: Ball 1-0: Ball 2-0: Ground out 4-3 (Groundball, 4, EV 81.3 MPH)
|
Top of the 9th over - 0 runs, 2 hits, 0 errors, 3 left on base; Salem 1 - Winston-Salem 1 |
BOTTOM OF THE 9TH |
Winston-Salem Dash batting - Pitching for Salem Red Sox : RHP Eric Bobinski
|
Now at C: Marcos Lucero
|
|
Now at 1B: James Goodwin
|
|
Now at 2B: Oscar Avalos
|
|
Pinch Hitting: LHB Bronson Gray
|
0-0: Fly out, F8 (Flyball, 8LM, EV 90.6 MPH)
|
Batting: LHB Ernesto Morin
|
0-0: Ground out U3 (Groundball, 3, EV 108.8 MPH)
|
Batting: RHB Lanzo Torriti
|
0-0: Ball 1-0: Called Strike 1-1: Fly out, F7 (Flyball, 78D, EV 91.3 MPH)
|
Bottom of the 9th over - 0 runs, 0 hits, 0 errors, 0 left on base; Salem 1 - Winston-Salem 1 |
TOP OF THE 10TH |
Salem Red Sox batting - Pitching for Winston-Salem Dash : RHP Dave Perez
|
Bobby Flores starts the inning at 2nd base.
|
|
Pitching: RHP Miguel Escobedo
|
|
Now at 3B: Brian Whitfield
|
|
Batting: RHB Nate Miller
|
0-0: Called Strike 0-1: Ball Bobby Flores steals 3rd base 1-1: Ball 2-1: Fly out, F7 (Flyball, 78S, EV 92.5 MPH)
|
Batting: LHB Orlando Reyna
|
0-0: Fielders Choice at home, 6-2 (Groundball, 6, EV 85.6 MPH)
|
Batting: SHB David Ricardo
|
0-0: SINGLE (Line Drive, 56, EV 98.8 MPH) Orlando Reyna to second
|
Batting: LHB Josh Mutka
|
0-0: Ball 1-0: Ball 2-0: Ball 3-0: Base on Balls Orlando Reyna to third David Ricardo to second
|
Batting: RHB Sal Cruz
|
0-0: Foul Ball, location: 9LSF 0-1: Foul Ball, location: 2F 0-2: Ball 1-2: Strikes out looking
|
Top of the 10th over - 0 runs, 1 hit, 0 errors, 3 left on base; Salem 1 - Winston-Salem 1 |
BOTTOM OF THE 10TH |
Winston-Salem Dash batting - Pitching for Salem Red Sox : RHP Eric Bobinski
|
Lanzo Torriti starts the inning at 2nd base.
|
|
Batting: LHB Angel Morales
|
0-0: Intentional Walk
|
Pinch Runner at 2nd Esteban Huaracha:
|
|
Batting: RHB Miguel Becerra
|
0-0: Ball 1-0: Called Strike 1-1: Ball 2-1: Ball 3-1: Called Strike 3-2: Base on Balls Esteban Huaracha to third Angel Morales to second
|
Pinch Hitting: RHB Jordan Quezada
|
0-0: Ball 1-0: Fly out, F8 (Flyball, 8RS, EV 83.1 MPH) Runner from 3rd tags up, OUT at HOME! 8-2 Angel Morales to third Miguel Becerra to second
|
Batting: LHB Guillermo Antelo
|
0-0: Ball 1-0: Ball 2-0: Ball 3-0: Called Strike 3-1: Called Strike 3-2: Ground out 6-3 (Groundball, 4M, EV 91.3 MPH)
|
Bottom of the 10th over - 0 runs, 0 hits, 0 errors, 2 left on base; Salem 1 - Winston-Salem 1 |
TOP OF THE 11TH |
Salem Red Sox batting - Pitching for Winston-Salem Dash : RHP Miguel Escobedo
|
Sal Cruz starts the inning at 2nd base.
|
|
Now at C: Ryan Hendrix
|
|
Now at SS: Enrique Diaz
|
|
Batting: RHB Marcos Lucero
|
0-0: Ball 1-0: Fly out, F7 (Flyball, 7, EV 91.3 MPH)
|
Batting: SHB James Goodwin
|
0-0: Called Strike 0-1: Foul Ball, location: 2F 0-2: Ball 1-2: Strikes out swinging
|
Batting: RHB Oscar Avalos
|
0-0: Called Strike 0-1: Ball 1-1: Foul Ball, location: 5F 1-2: Ball 2-2: Ball 3-2: Ground out 6-3 (Groundball, 6, EV 110.0 MPH)
|
Top of the 11th over - 0 runs, 0 hits, 0 errors, 1 left on base; Salem 1 - Winston-Salem 1 |
BOTTOM OF THE 11TH |
Winston-Salem Dash batting - Pitching for Salem Red Sox : RHP Eric Bobinski
|
Guillermo Antelo starts the inning at 2nd base.
|
|
Batting: LHB Alex Flores
|
0-0: Foul Ball, location: 2RF 0-1: Called Strike 0-2: Ball 1-2: Foul Ball, location: 7LDF 1-2: Ball 2-2: Foul Ball, location: 5F 2-2: Foul Ball, location: 7LMF 2-2: Ball 3-2: Strikes out swinging
|
Pitching: RHP Adam Jones
|
|
Batting: RHB Francisco Quinto
|
0-0: Foul Ball, location: 2F 0-1: Swinging Strike 0-2: Ball 1-2: Ball 2-2: 2-RUN HOME RUN (Flyball, 8RXD, EV 110.6 MPH), Distance : 441 ft
|
Bottom of the 11th over - 2 runs, 1 hit, 0 errors, 0 left on base; Salem 1 - Winston-Salem 3 |
|